 Dungeon Crawl Stone Soup version 0.27.0-1-g7a089689b8 (webtiles) character file.

Game seed: 9478759371693066063

6 loansindi the Firebug (level 1, -1/14 HPs)
             Began as a Draconian Fire Elementalist on Aug 17, 2021.
             Was a Follower of Okawaru.
             Slain by a kobold (4 damage)
             ... on level 1 of the Dungeon.
             The game lasted 00:02:01 (175 turns).

loansindi the Firebug (Draconian Fire Elementalist)  Turns: 175, Time: 00:02:01

Health: -1/14      AC:  4    Str: 10    XL:     1   Next: 75%
Magic:  1/3        EV: 12    Int: 15    God:    Okawaru [*.....]
Gold:   0          SH:  0    Dex: 11    Spells: 3/4 levels left

rFire    . . .     SeeInvis .   (no weapon)
rCold    . . .     Faith    .   (no shield)
rNeg     . . .     Spirit   .   (armour unavailable)
rPois    .         Reflect  .   (helmet restricted)
rElec    .         Harm     .   (no cloak)
rCorr    .         Rampage  .   (no gloves)
Will     .....                  (no boots)
Stlth    ++........             (no amulet)
HPRegen  0.04/turn              (no ring)
MPRegen  0.08/turn              (no ring)

@: no status effects
A: AC +4, unfitting armour, cold-blooded
a: Renounce Religion, Heroism


You were on level 1 of the Dungeon.
You worshipped Okawaru.
Okawaru was aware of your devotion.
You visited 1 branch of the dungeon, and saw 1 of its levels.

Inventory:

Scrolls
 a - a scroll of identify {unknown}
 b - a scroll of blinking {unknown}


   Skills:
 + Level 1.7 Dodging
 + Level 2.0 Stealth
 + Level 2.0 Spellcasting
 + Level 1.0 Conjurations
 + Level 3.2 Fire Magic


You had 3 spell levels left.
You knew the following spells:

 Your Spells              Type           Power      Damage    Failure   Level
a - Foxfire               Conj/Fire      28%        2x1d5     10%         1

Your spell library contained the following spells:

 Spells                   Type           Power      Damage    Failure   Level
 Conjure Flame            Conj/Fire      7%         6-21      28%         3
 Inner Flame              Hex/Fire       6%         N/A       34%         3
 Sticky Flame             Conj/Fire      7%         2d3       67%         4
 Fireball                 Conj/Fire      3%         3d4       95%         5


Dungeon Overview and Level Annotations

Branches:
Dungeon (1/15)

Altars:
Okawaru


Innate Abilities, Weirdness & Mutations

Your plain brown scales are hard. (AC +4)
You cannot fit into any form of body armour.
You are cold-blooded and may be slowed by cold attacks.


Message History

The slug dart hits you but does no damage.
The kobold misses you.
You hit the kobold but do no damage.
The kobold is moderately wounded.
The kobold closely misses you.
You hit the kobold.
The kobold is moderately wounded.
The kobold barely misses you. The dart slug launches a dart at you.
The slug dart misses you.
You hit the kobold.
The kobold is heavily wounded.
The kobold hits you with a +0 short sword.
You closely miss the kobold.
You tail-slap the kobold, but do no damage.
The kobold is heavily wounded.
The kobold hits you but does no damage.
You are too depleted to draw on your mana recklessly!
You barely miss the kobold.
Your tail-slap misses the kobold.
The kobold is heavily wounded.
The kobold hits you with a +0 short sword.
You closely miss the kobold.
The kobold is heavily wounded.
The kobold hits you with a +0 short sword.
* * * LOW HITPOINT WARNING * * *
You closely miss the kobold.
The kobold is heavily wounded.
The kobold hits you with a +0 short sword.
* * * LOW HITPOINT WARNING * * *
You hit the kobold but do no damage.
The kobold is heavily wounded.
The kobold barely misses you.
You barely miss the kobold.
The kobold is heavily wounded.
The kobold hits you but does no damage.
You closely miss the kobold.
You tail-slap the kobold, but do no damage.
The kobold is moderately wounded.
The kobold hits you with a +0 short sword.
You die...

# ##.##............#.##
####..##..#.......#.#..##
.##.#.##.########........
#.#.#....# #........
.##.###### #.........
#..## #......... ####
########.........
#................
#.....K@........
##.....w.........
#......##........
#......##........
#......##........
#######......##........
#............########..
#.###........# ###......#


You could see a dart slug and a kobold.

Vanquished Creatures
  2 endoplasms (D:1)
  A giant cockroach (D:1)
  A bat (D:1)
  2 frilled lizards (D:1)
6 creatures vanquished.

Vanquished Creatures (others)
  13 foxfires (D:1)
13 creatures vanquished.

Grand Total: 19 creatures vanquished

Notes
Turn   | Place    | Note
-------+----------+-------------------------------------------
     0 | D:1      | loansindi the Draconian Fire Elementalist began the quest
                  | for the Orb.
     0 | D:1      | Reached XP level 1. HP: 14/14 MP: 3/3
    69 | D:1      | Found a faded altar of an unknown god.
   118 | D:1      | Became a worshipper of Warmaster Okawaru
   118 | D:1      | Reached * piety under Okawaru
   175 | D:1      | Slain by a kobold

Illustrated notes

Levels and vault maps discovered:
D:1:      dpeg_arrival_signposts, layout_basic, basic_ecumenical_altar,
          grunt_decor_resistance

Skill      XL: |  1 |
---------------+----+-----
Stealth        | 2 |  2.0
Dodging        | |  1.7
Spellcasting   | |  2.0
Conjurations   | |  1.0
Fire Magic     | |  3.2

Action                   || total
-------------------------++-------
Melee: Unarmed           ||    16
       Tailslap          ||     2
 Cast: Foxfire           ||     9
Armor: Skin              ||    11
Dodge: Dodged            ||    11
